 Dungeon Crawl Stone Soup version 0.31.0 (webtiles) character file.

Game seed: 8962479621994538263

47 qw the Shooter (level 3, 0/21 HPs)
             Began as a Gargoyle Hunter on Jan 19, 2024.
             Slain by a gnoll
             ... wielding a +0 flail
              (11 damage)
             ... on level 2 of the Dungeon.
             The game lasted 00:00:02 (860 turns).

qw the Shooter (Gargoyle Hunter)                     Turns: 860, Time: 00:00:03

Health: 0/21       AC:  8    Str: 14    XL:     3   Next: 70%
Magic:  3/3        EV: 10    Int:  9    God:
Gold:   52         SH:  0    Dex: 15    Spells: 2/2 levels left

rFire   . . .        a - +0 shortbow
rCold   . . .        (shield currently unavailable)
rNeg    + . .        d - +0 ring mail
rPois   inf          (no helmet)
rElec   +            (no cloak)
rCorr   .            (no gloves)
SInv    .            (no boots)
Will    .....        (no amulet)
Stlth   +            (no ring)
HPRegen 0.23/turn    (no ring)
MPRegen 0.08/turn

%: no passive effects
@: no status effects
A: sickness immunity, AC +3, negative energy resistance 1, electricity
resistance, torment resistance 1, petrification resistance
a: no special abilities


You were on level 2 of the Dungeon.
You visited 1 branch of the dungeon, and saw 2 of its levels.

You collected 52 gold pieces.


Innate Abilities, Weirdness & Mutations

You are immune to sickness and miasma.
Your stone body is resilient. (AC +3)
You are immune to poison.
You resist negative energy. (rN+)
You are resistant to electric shocks. (rElec)
You are resistant to unholy torment.
You are immune to petrification.


   Skills:
 + Level 2.2 Fighting
 - Level 5.1 Ranged Weapons
 - Level 1.0 Armour
 - Level 1.5 Dodging
 - Level 1.1 Stealth


You had 2 spell levels left.
You didn't know any spells.
Your spell library was empty.

Inventory:

Hand Weapons
 a - a +0 shortbow (weapon)
Armour
 d - a +0 ring mail (worn)
Scrolls
 g - 2 scrolls of teleportation
Potions
 b - a potion of attraction {unknown}
 e - a potion of heal wounds

Dungeon Overview and Level Annotations

Branches:
Dungeon (2/15)

Altars:


Message History

You become entangled in the net!
Your Armour skill increases to level 1!
You struggle against the net.
You struggle against the net.
The gnoll hits you from afar with a +0 spear.
A kobold comes into view. It is wielding a +0 club.
You struggle against the net.
The kobold shouts!
The gnoll hits you but does no damage.
You rip the net and break free!
The gnoll hits you from afar with a +0 spear.
852 ||| RETREEEEATING.
The gnoll closely misses you.
You shoot an arrow. The arrow hits the gnoll.
The gnoll is moderately wounded.
The gnoll closely misses you.
You shoot an arrow. The arrow hits the gnoll.
The gnoll is severely wounded.
The gnoll hits you but does no damage. x2
You shoot an arrow. The arrow hits the gnoll!
You kill the gnoll!
The ball python misses you. The ball python grabs you.
The ball python constricts you.
Your Ranged Weapons skill increases to level 5!
You shoot an arrow. The arrow hits the ball python!
You kill the ball python!
You shoot an arrow.
The arrow hits the gnoll but does no damage.
The gnoll hits you with a +0 flail.
You shoot an arrow. The arrow hits the gnoll.
The gnoll is moderately wounded.
The gnoll closely misses you. x2
You shoot an arrow. The arrow hits the gnoll.
The gnoll is severely wounded.
The gnoll barely misses you.
You shoot an arrow. The arrow hits the gnoll.
The gnoll is almost dead.
The gnoll hits you with a +0 flail!
Ouch! That really hurt!
You die...

#
.####.######
.....gg@...#
...##K####.#
# #.#
#.#######
#.......#
#.##[##.#
#.##.##.#
#.#..##.#
#.#.###.#


You could see 2 gnolls and a kobold.

Vanquished Creatures
  2 gnolls (D:2)
  3 ball pythons
  8 endoplasms (D:1)
  4 hobgoblins (D:1)
  A quokka (D:1)
  A bat (D:1)
  3 frilled lizards (D:1)
  2 kobolds (D:1)
  2 rats (D:1)
26 creatures vanquished.

Notes
Turn   | Place    | Note
-------+----------+-------------------------------------------
     0 | D:1      | qw the Gargoyle Hunter began the quest for the Orb.
     0 | D:1      | Reached XP level 1. HP: 12/12 MP: 1/1
     0 | D:1      | 0 ||| qw: Version: 0.3-a-132-g3d54051
     0 | D:1      | 0 ||| qw: Game counter: 176
     0 | D:1      | 0 ||| qw: Melee chars always use a shield: true
     0 | D:1      | 0 ||| qw: God list: Okawaru
     0 | D:1      | 0 ||| qw: Allow faded altars: false
     0 | D:1      | 0 ||| qw: Do Orc after clearing Dungeon:15 true
     0 | D:1      | 0 ||| qw: Do second Lair branch before Depths: true
     0 | D:1      | 0 ||| qw: Lair rune preference: random
     0 | D:1      | 0 ||| qw: Goals: Normal
     0 | D:1      | 0 ||| PLANNING D:1-11
     1 | D:1      | Noticed an electric eel
   140 | D:1      | Reached XP level 2. HP: 8/17 MP: 2/2
   534 | D:1      | Reached XP level 3. HP: 21/21 MP: 3/3
   789 | D:1      | 789 ||| UPGRADING to +0 ring mail.
   799 | D:1      | 799 ||| DROPPING +0 leather armour.
   800 | D:1      | 800 ||| READING 2 scrolls labelled GUYCUW ZIWU.
   800 | D:1      | 800 ||| IDENTIFYING smoky sapphire potion
   801 | D:1      | 801 ||| READING scroll of identify.
   801 | D:1      | 801 ||| IDENTIFYING dark potion
   802 | D:1      | 802 ||| READING 3 scrolls labelled IROSCH FOFOPU.
   805 | D:1      | 805 ||| READING scroll labelled RYEMAS ZATICW.
   806 | D:1      | 806 ||| READING scroll labelled WAHANI AZAMMAA.
   807 | D:1      | 807 ||| READING 3 scrolls labelled ANOSCH FOFESS.
   808 | D:1      | 808 ||| DROPPING scroll of butterflies.
   809 | D:1      | 809 ||| DROPPING 2 scrolls of amnesia.
   810 | D:1      | 810 ||| DROPPING potion of ambrosia.
   848 | D:2      | Reached skill level 1 in Armour
   852 | D:2      | 852 ||| RETREEEEATING.
   856 | D:2      | Reached skill level 5 in Ranged Weapons
   860 | D:2      | Slain by a gnoll

Levels and vault maps discovered:
D:1:      arrival_aquarium_a, layout_loops_cross, minmay_octomino_e4
D:2:      layout_loops_cross, uniq_sigmund

Skill      XL: |  1  2  3 |
---------------+----------+-----
Armour         | 1 |  1.0
Ranged Weapons | 5 |  5.1
Fighting       | |  2.2
Dodging        | |  1.5
Stealth        | |  1.1

Action                     || total
---------------------------++-------
   Fire: Shortbow          ||    72
    Use: Scroll            ||     6
 Armour: Leather armour    ||     4
         Ring mail         ||     8
  Dodge: Dodged            ||    25

Table legend:
 A = Non-vault XP
 B = Vault XP
 C = Vault XP percentage of total XP
 D = Non-vault monster count
 E = Vault monster count
 F = Vault count percentage of total count
                 A         B        C        D         E       F
            +---------+---------+-------+---------+---------+-------
      Total |      59 |       9 |  13.2 |      21 |       5 |  19.2
            +---------+---------+-------+---------+---------+-------
        D:1 |      29 |       9 |  23.7 |      18 |       5 |  21.7
        D:2 |      30 |       0 |   0.0 |       3 |       0 |   0.0
            +---------+---------+-------+---------+---------+-------
